 Dungeon Crawl Stone Soup version 0.29.1-15-g9cfb28693d (webtiles) character file.

Game seed: 10030950192614788519

28 protoss039 the Digger (level 2, 0/20 HPs)
             Began as a Demonspawn Earth Elementalist on Mar 12, 2023.
             Slain by a goblin
             ... wielding a +0 dagger
             ... led by Robin
              (2 damage)
             ... on level 2 of the Dungeon.
             The game lasted 00:01:26 (1818 turns).

protoss039 the Digger (DsEE)                        Turns: 1818, Time: 00:01:27

Health: 0/20       AC:  3    Str:  8    XL:     2   Next: 96%
Magic:  3/5        EV:  9    Int: 16    God:
Gold:   75         SH:  7    Dex: 13    Spells: 2/5 levels left

rFire   . . .      SeeInvis .   l - +1 dagger (flame)
rCold   . . .      Faith    .   d - +0 kite shield
rNeg    . . .      Spirit   .   c - +0 leather armour
rPois   .          Reflect  .   (no helmet)
rElec   .          Harm     .   (no cloak)
rCorr   .          Rampage  .   (no gloves)
Will    .....                   (no boots)
Stlth   ++........              (no amulet)
HPRegen 0.06/turn               (no ring)
MPRegen 0.09/turn               (no ring)

@: no status effects
A: hooves 1
a: no special abilities


You were on level 2 of the Dungeon.
You visited 1 branch of the dungeon, and saw 2 of its levels.

You collected 75 gold pieces.

Inventory:

Hand Weapons
 l - a +1 dagger of flaming (weapon)
Armour
 c - a +0 leather armour (worn)
 d - a +0 kite shield (worn)
Scrolls
 e - 2 scrolls of identify {unknown}
 f - a scroll of teleportation {unknown}
 g - 3 scrolls of blinking {unknown}
 i - a scroll of noise {unknown}
 j - a scroll of immolation {unknown}
 m - a scroll of torment {unknown}
Potions
 a - a potion of ambrosia {unknown}
 b - a potion of magic
 h - 2 potions of curing {unknown}
 k - a potion of mutation {unknown}
 n - a potion of heal wounds {unknown}
 o - a potion of cancellation {unknown}


   Skills:
 + Level 0.7 Fighting
 * Level 1.1 Armour
 - Level 1.7 Dodging
 - Level 1.7 Stealth
 * Level 1.1 Shields
 + Level 2.2 Spellcasting
 - Level 0.8 Transmutations
 + Level 2.8 Earth Magic


You had 2 spell levels left.
You knew the following spells:

 Your Spells              Type           Power      Damage    Failure   Level
a - Sandblast             Erth           20%        2d7       30%         1
b - Passwall              Tmut/Erth      5%         N/A       56%         2

Your spell library contained the following spells:

 Spells                   Type           Power      Damage    Failure   Level
 Stone Arrow              Conj/Erth      12%        3d7       86%         3
 Petrify                  Tmut/Erth      7%         N/A       99%         4


Dungeon Overview and Level Annotations

Branches:
Dungeon (2/15) Zot: 10163

Altars:

Annotations:
D:2 Robin


Innate Abilities, Weirdness & Mutations

You have large cloven feet.


Message History

Found 13 gold pieces.
The goblin shouts! x2
Robin hits you with a +0 whip.
There is an open door here.
Unknown command.
You hit Robin. You burn Robin. Your kick misses Robin.
Robin is heavily wounded.
Robin throws the goblin at you! You block the goblin's attack.
Robin throws the goblin at you!
A hobgoblin comes into view.
The goblin barely misses you. You block the goblin's attack.
Unknown command.
Unknown command.
The goblin attacks as you move away! The goblin completely misses you.
Robin throws the goblin at you! The goblin hits you with a +0 dagger.
The goblin hits you but does no damage. You block the goblin's attack.
Unknown command.
Casting: Sandblast (safe; 30% risk of failure)
Confirm with . or Enter, or press ? or * to list all spells.
Aiming: Sandblast (safe; 30% risk of failure)
Press: ? - help, Shift-Dir - straight line, f - Robin
Aim: Robin, wielding a +0 whip, wearing a +1 animal skin and wearing a +0 helmet (heavily wounded, 87% to hit)
The blast of sand hits Robin.
Robin is almost dead.
Robin throws the goblin at you! The goblin hits you but does no damage.
You block the goblin's attack. The goblin hits you with a +0 dagger.
* * * LOW HITPOINT WARNING * * *
You block the goblin's attack. The goblin hits you with a +0 dagger.
* * * LOW HITPOINT WARNING * * *
Unknown command.
Unknown command.
Casting: Sandblast (safe; 30% risk of failure)
Confirm with . or Enter, or press ? or * to list all spells.
Aiming: Sandblast (safe; 30% risk of failure)
Press: ? - help, Shift-Dir - straight line, f/p - Robin
Aim: Robin, wielding a +0 whip, wearing a +1 animal skin and wearing a +0 helmet (almost dead, 87% to hit)
The blast of sand hits Robin but does no damage.
Robin is almost dead.
The goblin barely misses you. The goblin hits you with a +0 dagger.
You die...

#⌠.8..#####.###.......##.#####
##..8.#..##.##.....###(......#
#∩#...##.##<#.......##.#.#.#.#
..#_#⌠#...##..........#.#.....###
8..###..[.............+..........
.8. #............(...#.#.....###
.. #..#............##.###.#.# #
#.....♣♣♣.ggg..###<# #.#.#
#.##.♣# #♣.@g.## #.###.#.# #. #.♣
♣g#g## #.......# .. #.♣ ♣.#g#
#####.### ## ... ..#gg #.#
...#..# #.# ..##...# #.# ..# ....
#.# ... .... #.# ##...$ ..#


You could see Robin, a hobgoblin (strong) and 7 goblins.

Vanquished Creatures
  A worm (D:2)
  2 dart slugs (D:1)
  A giant cockroach (D:1)
  3 goblins (D:1)
  3 hobgoblins
  2 jackals (D:1)
  2 kobolds
  3 frilled lizards
  3 rats (D:1)
20 creatures vanquished.

Notes
Turn   | Place    | Note
-------+----------+-------------------------------------------
     0 | D:1      | protoss039 the Demonspawn Earth Elementalist began the
                  | quest for the Orb.
     0 | D:1      | Reached XP level 1. HP: 13/13 MP: 3/3
   433 | D:1      | Gained mutation: You have large cloven feet. [demonic
                  | ancestry]
   433 | D:1      | Reached XP level 2. HP: 7/20 MP: 0/5
  1024 | D:1      | Reached skill level 1 in Armour
  1117 | D:1      | Reached skill level 1 in Shields
  1401 | D:1      | Learned a level 2 spell: Passwall
  1771 | D:2      | Found a faded altar of an unknown god.
  1813 | D:2      | Noticed Robin
  1818 | D:2      | Slain by a goblin

Illustrated notes

Levels and vault maps discovered:
D:1:      dpeg_arrival_fog, layout_rooms
D:2:      layout_loops_corners, shapermc_ecumenical_altar_venn,
          minmay_stone_trees_small, grunt_ministairs_2,
          chequers_serial_rivers_small_b, kennysheep_generic_room_12, uniq_robin

Skill      XL: |  1  2 |
---------------+-------+-----
Armour         | 1 |  1.1
Shields        | 1 |  1.1
Fighting       | |  0.7
Dodging        | |  1.7
Stealth        | |  1.7
Spellcasting   | |  2.2
Transmutations | |  0.8
Earth Magic    | |  2.8

Action                   || total
-------------------------++-------
Melee: Dagger            ||    45
       Kick              ||     7
 Cast: Sandblast         ||    19
 Stab: Sleeping          ||     1
Armor: Leather armour    ||     8
Dodge: Dodged            ||    25
Block: Kite shield       ||    18
